| TOP OF THE 1ST |
|
Toledo Mud Hens batting - Pitching for Tacoma Rainiers : RHP Michito Ito
|
|
Pitching: RHP Michito Ito
|
|
|
Batting: LHB Jamel Alexander
|
0-0: Foul Ball, location: 2F 0-1: Called Strike 0-2: Foul Ball, location: 2F 0-2: Ball 1-2: Ball 2-2: Ball 3-2: Foul Ball, location: 2F 3-2: Foul Ball, location: 2F 3-2: Fly out, F7 (Flyball, 78S, EV 89.4 MPH)
|
|
Batting: SHB Raul Morales
|
0-0: Ball 1-0: Ball 2-0: Foul Ball, location: 2F 2-1: Ball 3-1: Fly out, F9 (Line Drive, 9, EV 97.5 MPH)
|
|
Batting: SHB Jamie Roberts
|
0-0: Ball 1-0: Ball 2-0: Foul Ball, location: 2F 2-1: Ball 3-1: Base on Balls
|
|
Batting: RHB Tim Borden
|
0-0: Ball 1-0: Ball 2-0: Foul Ball, location: 2F 2-1: Ball 3-1: Called Strike 3-2: Strikes out looking
|
| Top of the 1st over - 0 runs, 0 hits, 0 errors, 1 left on base; Toledo 0 - Tacoma 0 |
| BOTTOM OF THE 1ST |
|
Tacoma Rainiers batting - Pitching for Toledo Mud Hens : RHP Joe Bradford
|
|
Pitching: RHP Joe Bradford
|
|
|
Batting: RHB Tatsunori Hayakawa
|
0-0: Ball 1-0: Ball 2-0: Ground out 5-3 (Groundball, 5, EV 83.8 MPH)
|
|
Batting: RHB Kumar Madugula
|
0-0: Called Strike 0-1: Ball 1-1: Ball 2-1: Called Strike 2-2: Strikes out swinging
|
|
Batting: RHB Kevin Chafe
|
0-0: Foul Ball, location: 2F 0-1: Ball 1-1: Ground out 4-3 (Groundball, 4, EV 86.9 MPH)
|
| Bottom of the 1st over - 0 runs, 0 hits, 0 errors, 0 left on base; Toledo 0 - Tacoma 0 |
| TOP OF THE 2ND |
|
Toledo Mud Hens batting - Pitching for Tacoma Rainiers : RHP Michito Ito
|
|
Batting: RHB Dave Calder
|
0-0: Called Strike 0-1: Ball 1-1: Foul Ball, location: 2F 1-2: Fly out, F8 (Line Drive, 8LM, EV 91.9 MPH)
|
|
Batting: RHB Andres de Leon
|
0-0: Ball 1-0: Foul Ball, location: 2F 1-1: Ball 2-1: Swinging Strike 2-2: Strikes out swinging
|
|
Batting: RHB Zach Koblinski
|
0-0: Called Strike 0-1: Ball 1-1: Ball 2-1: Foul Ball, location: 2F 2-2: Ball 3-2: Base on Balls
|
|
Batting: SHB Jared Boyce
|
0-0: Ball 1-0: Ball 2-0: Foul Ball, location: 2F 2-1: Ball 3-1: Foul Ball, location: 2F 3-2: DOUBLE (Flyball, 89XD, EV 105.6 MPH) Zach Koblinski to third Zach Koblinski scores
|
|
Batting: RHB Josh Stinnett
|
0-0: Ground out 6-3 (Groundball, 6, EV 77.5 MPH)
|
| Top of the 2nd over - 1 run, 1 hit, 0 errors, 1 left on base; Toledo 1 - Tacoma 0 |
| BOTTOM OF THE 2ND |
|
Tacoma Rainiers batting - Pitching for Toledo Mud Hens : RHP Joe Bradford
|
|
Batting: RHB Bill Vives
|
0-0: Fly out, F6 (Flyball, 6MD, EV 91.3 MPH)
|
|
Batting: SHB Tony de Lara
|
0-0: Ball 1-0: Ground out U3 (Groundball, 34, EV 88.1 MPH)
|
|
Batting: RHB David Aguilar
|
0-0: Called Strike 0-1: Ball 1-1: Ground out 6-3 (Groundball, 6, EV 93.1 MPH)
|
| Bottom of the 2nd over - 0 runs, 0 hits, 0 errors, 0 left on base; Toledo 1 - Tacoma 0 |
| TOP OF THE 3RD |
|
Toledo Mud Hens batting - Pitching for Tacoma Rainiers : RHP Michito Ito
|
|
Batting: LHB Jamel Alexander
|
0-0: Ground out 5-3 (Groundball, 56, EV 98.8 MPH)
|
|
Batting: SHB Raul Morales
|
0-0: Foul Ball, location: 2F 0-1: Foul Ball, location: 2F 0-2: Foul Ball, location: 2F 0-2: Ground out 4-3 (Groundball, 4, EV 104.4 MPH)
|
|
Batting: SHB Jamie Roberts
|
0-0: Ball 1-0: Ball 2-0: Called Strike 2-1: Ground out U3 (Groundball, 3, EV 85.6 MPH)
|
| Top of the 3rd over - 0 runs, 0 hits, 0 errors, 0 left on base; Toledo 1 - Tacoma 0 |
| BOTTOM OF THE 3RD |
|
Tacoma Rainiers batting - Pitching for Toledo Mud Hens : RHP Joe Bradford
|
|
Batting: RHB Jim Begger
|
0-0: Ball 1-0: Called Strike 1-1: Ground out 4-3 (Groundball, 4, EV 101.9 MPH)
|
|
Batting: RHB Sumiki Ryu
|
0-0: Ball 1-0: Swinging Strike 1-1: Swinging Strike 1-2: SINGLE (Groundball, 6D, EV 100.0 MPH)
|
|
Batting: SHB Ismael Bello
|
0-0: Called Strike 0-1: Swinging Strike 0-2: Ball 1-2: Strikes out swinging
|
|
Batting: RHB Tatsunori Hayakawa
|
0-0: DOUBLE (Groundball, 3L, EV 100.6 MPH) Sumiki Ryu to third Runner from 3rd tries for Home, throw by RF and OUT! 9-4-2
|
| Bottom of the 3rd over - 0 runs, 2 hits, 0 errors, 1 left on base; Toledo 1 - Tacoma 0 |
| TOP OF THE 4TH |
|
Toledo Mud Hens batting - Pitching for Tacoma Rainiers : RHP Michito Ito
|
|
Batting: RHB Tim Borden
|
0-0: Foul Ball, location: 2F 0-1: Foul Ball, location: 2F 0-2: Ground out U3 (Groundball, 3, EV 76.9 MPH)
|
|
Batting: RHB Dave Calder
|
0-0: Ball 1-0: Ball 2-0: Called Strike 2-1: Ball 3-1: SINGLE (Line Drive, 8LS, EV 98.8 MPH)
|
|
Batting: RHB Andres de Leon
|
0-0: Ball 1-0: Fielders Choice at 2nd, 3-6 (Groundball, 34S, EV 85.6 MPH)
|
|
Batting: RHB Zach Koblinski
|
0-0: Ball 1-0: Ball 2-0: Called Strike 2-1: SINGLE (Groundball, 6S, EV 66.3 MPH) (infield hit) Andres de Leon to second
|
|
Batting: SHB Jared Boyce
|
0-0: Ball 1-0: Swinging Strike 1-1: Foul Ball, location: 2F 1-2: Ground out U3 (Groundball, 34, EV 90.0 MPH)
|
| Top of the 4th over - 0 runs, 2 hits, 0 errors, 2 left on base; Toledo 1 - Tacoma 0 |
| BOTTOM OF THE 4TH |
|
Tacoma Rainiers batting - Pitching for Toledo Mud Hens : RHP Joe Bradford
|
|
Batting: RHB Kumar Madugula
|
0-0: Ball 1-0: Ground out 6-3 (Groundball, 6, EV 95.0 MPH)
|
|
Batting: RHB Kevin Chafe
|
0-0: Foul Ball, location: 2F 0-1: Ball 1-1: Ball 2-1: Called Strike 2-2: Foul Ball, location: 2F 2-2: Strikes out looking
|
|
Batting: RHB Bill Vives
|
0-0: Called Strike 0-1: Called Strike 0-2: Ball 1-2: Reached on error, E6 (Groundball, 6, EV 86.3 MPH)
|
|
Batting: SHB Tony de Lara
|
0-0: Ball 1-0: Fly out, F5 (Line Drive, 5, EV 63.1 MPH)
|
| Bottom of the 4th over - 0 runs, 0 hits, 1 error, 1 left on base; Toledo 1 - Tacoma 0 |
| TOP OF THE 5TH |
|
Toledo Mud Hens batting - Pitching for Tacoma Rainiers : RHP Michito Ito
|
|
Batting: RHB Josh Stinnett
|
0-0: Ground out 5-3 (Groundball, 5L, EV 101.9 MPH)
|
|
Batting: LHB Jamel Alexander
|
0-0: Swinging Strike 0-1: Fly out, F9 (Flyball, 89S, EV 78.1 MPH)
|
|
Batting: SHB Raul Morales
|
0-0: Ball 1-0: Called Strike 1-1: Ball 2-1: Foul Ball, location: 2F 2-2: Foul Ball, location: 2F 2-2: Fly out, F9 (Flyball, 89D, EV 99.4 MPH)
|
| Top of the 5th over - 0 runs, 0 hits, 0 errors, 0 left on base; Toledo 1 - Tacoma 0 |
| BOTTOM OF THE 5TH |
|
Tacoma Rainiers batting - Pitching for Toledo Mud Hens : RHP Joe Bradford
|
|
Batting: RHB David Aguilar
|
0-0: Ball 1-0: Ball 2-0: Ball 3-0: Called Strike 3-1: Swinging Strike 3-2: Fly out, F6 (Line Drive, 6, EV 65.6 MPH)
|
|
Batting: RHB Jim Begger
|
0-0: Swinging Strike 0-1: Swinging Strike 0-2: Foul Ball, location: 2F 0-2: Ball 1-2: Ball 2-2: Ground out 5-3 (Groundball, 5L, EV 91.3 MPH)
|
|
Batting: RHB Sumiki Ryu
|
0-0: Ball 1-0: Ball 2-0: Ball 3-0: Base on Balls
|
|
Batting: SHB Ismael Bello
|
0-0: Ball 1-0: Swinging Strike 1-1: Ball 2-1: SINGLE (Groundball, 25, EV 68.8 MPH) (infield hit) Sumiki Ryu to second
|
|
Batting: RHB Tatsunori Hayakawa
|
0-0: SINGLE (Groundball, 56D, EV 99.4 MPH) Sumiki Ryu to third Ismael Bello to second Runner from 3rd tries for Home, SAFE, throw by LF to home
|
|
Batting: RHB Kumar Madugula
|
0-0: Ball 1-0: Swinging Strike 1-1: Called Strike 1-2: Ball 2-2: DOUBLE (Line Drive, 7LD, EV 106.3 MPH) Ismael Bello scores Tatsunori Hayakawa to third Runner from 3rd tries for Home, SAFE, no throw by LF
|
|
Batting: RHB Kevin Chafe
|
0-0: Called Strike 0-1: Ball 1-1: Swinging Strike 1-2: Ground out U3 (Groundball, 3, EV 102.5 MPH)
|
| Bottom of the 5th over - 3 runs, 3 hits, 0 errors, 1 left on base; Toledo 1 - Tacoma 3 |
| TOP OF THE 6TH |
|
Toledo Mud Hens batting - Pitching for Tacoma Rainiers : RHP Michito Ito
|
|
Batting: SHB Jamie Roberts
|
0-0: Ball 1-0: Ball 2-0: Ball 3-0: Called Strike 3-1: Called Strike 3-2: SINGLE (Groundball, 34D, EV 93.8 MPH)
|
|
Batting: RHB Tim Borden
|
0-0: Ball 1-0: Foul Ball, location: 2F 1-1: Swinging Strike 1-2: Ball 2-2: Ball 3-2: Fly out, F8 (Flyball, 8RM, EV 90.0 MPH)
|
|
Batting: RHB Dave Calder
|
0-0: Called Strike 0-1: Ball 1-1: Ball 2-1: Grounds into double play, 4-6-3 (Groundball, 4, EV 86.3 MPH)
|
| Top of the 6th over - 0 runs, 1 hit, 0 errors, 0 left on base; Toledo 1 - Tacoma 3 |
| BOTTOM OF THE 6TH |
|
Tacoma Rainiers batting - Pitching for Toledo Mud Hens : RHP Joe Bradford
|
|
Batting: RHB Bill Vives
|
0-0: Fly out, F8 (Flyball, 8RM, EV 73.8 MPH)
|
|
Batting: SHB Tony de Lara
|
0-0: Ball 1-0: Foul Ball, location: 2F 1-1: Ball 2-1: Ground out U3 (Groundball, 23, EV 85.6 MPH)
|
|
Batting: RHB David Aguilar
|
0-0: Ball 1-0: Foul Ball, location: 2F 1-1: Ball 2-1: Ball 3-1: Hit by Pitch
|
|
Batting: RHB Jim Begger
|
0-0: Called Strike 0-1: Ground out 5-3 (Groundball, 56S, EV 78.1 MPH)
|
| Bottom of the 6th over - 0 runs, 0 hits, 0 errors, 1 left on base; Toledo 1 - Tacoma 3 |
| TOP OF THE 7TH |
|
Toledo Mud Hens batting - Pitching for Tacoma Rainiers : RHP Michito Ito
|
|
Pitching: RHP Francisco Mercado
|
|
|
Batting: RHB Andres de Leon
|
0-0: Called Strike 0-1: Ball 1-1: Called Strike 1-2: Strikes out swinging
|
|
Batting: RHB Zach Koblinski
|
0-0: Ball 1-0: Foul Ball, location: 2F 1-1: Foul Ball, location: 2F 1-2: Ball 2-2: Fly out, F9 (Line Drive, 9D, EV 95.6 MPH)
|
|
Batting: SHB Jared Boyce
|
0-0: Swinging Strike 0-1: Ball 1-1: Swinging Strike 1-2: Strikes out swinging
|
| Top of the 7th over - 0 runs, 0 hits, 0 errors, 0 left on base; Toledo 1 - Tacoma 3 |
| BOTTOM OF THE 7TH |
|
Tacoma Rainiers batting - Pitching for Toledo Mud Hens : RHP Joe Bradford
|
|
Batting: RHB Sumiki Ryu
|
0-0: Ground out 6-3 (Groundball, 6, EV 78.1 MPH)
|
|
Batting: SHB Ismael Bello
|
0-0: Called Strike 0-1: Ball 1-1: Called Strike 1-2: Fly out, F4 (Line Drive, 4, EV 66.9 MPH)
|
|
Batting: RHB Tatsunori Hayakawa
|
0-0: Foul Ball, location: 2F 0-1: SINGLE (Groundball, 4MD, EV 106.3 MPH)
|
|
Batting: RHB Kumar Madugula
|
0-0: Ball 1-0: Called Strike 1-1: Fielders Choice at 2nd, 5-4 (Groundball, 56, EV 83.8 MPH)
|
| Bottom of the 7th over - 0 runs, 1 hit, 0 errors, 1 left on base; Toledo 1 - Tacoma 3 |
| TOP OF THE 8TH |
|
Toledo Mud Hens batting - Pitching for Tacoma Rainiers : RHP Francisco Mercado
|
|
Batting: RHB Josh Stinnett
|
0-0: Called Strike 0-1: Ball 1-1: Fly out, F7 (Flyball, 7D, EV 103.1 MPH)
|
|
Batting: LHB Jamel Alexander
|
0-0: Called Strike 0-1: Called Strike 0-2: Ground out 6-3 (Groundball, 6, EV 80.0 MPH)
|
|
Batting: SHB Raul Morales
|
0-0: Swinging Strike 0-1: Swinging Strike 0-2: Ball 1-2: Strikes out looking
|
| Top of the 8th over - 0 runs, 0 hits, 0 errors, 0 left on base; Toledo 1 - Tacoma 3 |
| BOTTOM OF THE 8TH |
|
Tacoma Rainiers batting - Pitching for Toledo Mud Hens : RHP Joe Bradford
|
|
Pitching: RHP Mario Napoles
|
|
|
Batting: RHB Kevin Chafe
|
0-0: Ball 1-0: Ball 2-0: Ball 3-0: Base on Balls
|
|
Batting: RHB Bill Vives
|
0-0: Called Strike 0-1: Ball 1-1: Foul Ball, location: 2F 1-2: Ball 2-2: Ball 3-2: Strikes out swinging Kevin Chafe is caught stealing 2nd base 2-4 Batter strikes out.
|
|
Batting: SHB Tony de Lara
|
0-0: Called Strike 0-1: Ball 1-1: Foul Ball, location: 2F 1-2: Foul Ball, location: 2F 1-2: Strikes out swinging
|
| Bottom of the 8th over - 0 runs, 0 hits, 0 errors, 0 left on base; Toledo 1 - Tacoma 3 |
| TOP OF THE 9TH |
|
Toledo Mud Hens batting - Pitching for Tacoma Rainiers : RHP Francisco Mercado
|
|
Pitching: RHP Kenzaburo Yoneyama
|
|
|
Batting: SHB Jamie Roberts
|
0-0: Ball 1-0: Swinging Strike 1-1: Foul Ball, location: 2F 1-2: Ball 2-2: Strikes out swinging
|
|
Batting: RHB Tim Borden
|
0-0: Called Strike 0-1: Foul Ball, location: 2F 0-2: Ball 1-2: Ball 2-2: Foul Ball, location: 2F 2-2: Strikes out swinging, 2-3 out at first.
|
|
Batting: RHB Dave Calder
|
0-0: SINGLE (Groundball, 4, EV 94.4 MPH)
|
|
Batting: RHB Andres de Leon
|
0-0: SINGLE (Groundball, 6M, EV 106.9 MPH) (infield hit) Dave Calder to second
|
|
Batting: RHB Zach Koblinski
|
0-0: Ball 1-0: Ball 2-0: Swinging Strike 2-1: DOUBLE (Line Drive, 8RXD, EV 106.9 MPH) Dave Calder scores Andres de Leon to third Runner from 3rd tries for Home, SAFE, throw by CF to home
|
|
Batting: SHB Jared Boyce
|
0-0: Intentional Walk
|
|
Batting: RHB Josh Stinnett
|
0-0: Called Strike 0-1: Ball 1-1: Ball 2-1: Ground out U3 (Groundball, 34, EV 103.8 MPH)
|
| Top of the 9th over - 2 runs, 3 hits, 0 errors, 2 left on base; Toledo 3 - Tacoma 3 |
| BOTTOM OF THE 9TH |
|
Tacoma Rainiers batting - Pitching for Toledo Mud Hens : RHP Mario Napoles
|
|
Batting: RHB David Aguilar
|
0-0: Called Strike 0-1: Ball 1-1: Ball 2-1: SINGLE (Flyball, 89S, EV 98.1 MPH)
|
|
Batting: RHB Jim Begger
|
0-0: Bunted foul 0-1: Ball 1-1: Ball 2-1: Sac Bunt to 15 - play at first, batter OUT! 1-4 David Aguilar to second
|
|
Batting: RHB Sumiki Ryu
|
0-0: Ball 1-0: Ball 2-0: Ball 3-0: Base on Balls
|
|
Batting: SHB Ismael Bello
|
0-0: Called Strike 0-1: Ball 1-1: Ball 2-1: Bunt missed! 2-2: Foul Ball, location: 2F 2-2: Strikes out looking
|
|
Batting: RHB Tatsunori Hayakawa
|
0-0: Fly out, F9 (Line Drive, 9, EV 84.4 MPH)
|
| Bottom of the 9th over - 0 runs, 1 hit, 0 errors, 2 left on base; Toledo 3 - Tacoma 3 |
| TOP OF THE 10TH |
|
Toledo Mud Hens batting - Pitching for Tacoma Rainiers : RHP Kenzaburo Yoneyama
|
|
Pitching: LHP Steve Cruz
|
|
|
Pinch Hitting: RHB Paul Wood
|
0-0: Ball 1-0: SINGLE (Groundball, 6D, EV 101.9 MPH)
|
|
Batting: SHB Raul Morales
|
0-0: Ball 1-0: Fly out, F2 (Popup, 2LF, EV 92.5 MPH)
|
|
Batting: SHB Jamie Roberts
|
0-0: Foul Ball, location: 2F 0-1: Ball 1-1: Fly out, F3 (Popup, 34S, EV 86.9 MPH)
|
|
Batting: RHB Tim Borden
|
0-0: Called Strike 0-1: Foul Ball, location: 2F 0-2: Ball 1-2: Ball Paul Wood steals 2nd base 2-2: Ball 3-2: Strikes out looking
|
| Top of the 10th over - 0 runs, 1 hit, 0 errors, 1 left on base; Toledo 3 - Tacoma 3 |
| BOTTOM OF THE 10TH |
|
Tacoma Rainiers batting - Pitching for Toledo Mud Hens : RHP Mario Napoles
|
|
Now in CF: Paul Wood
|
|
|
Batting: RHB Kumar Madugula
|
0-0: Foul Ball, location: 2F 0-1: Foul Ball, location: 2F 0-2: Ground out 4-3 (Groundball, 4, EV 91.9 MPH)
|
|
Batting: RHB Kevin Chafe
|
0-0: Swinging Strike 0-1: Foul Ball, location: 2F 0-2: Fly out, F7 (Flyball, 7LM, EV 87.5 MPH)
|
|
Batting: RHB Bill Vives
|
0-0: Called Strike 0-1: Ball 1-1: Ball 2-1: Ball 3-1: Base on Balls
|
|
Batting: SHB Tony de Lara
|
0-0: Ball 1-0: Ball 2-0: Swinging Strike 2-1: Ball 3-1: Fly out, F7 (Flyball, 7, EV 94.4 MPH)
|
| Bottom of the 10th over - 0 runs, 0 hits, 0 errors, 1 left on base; Toledo 3 - Tacoma 3 |
| TOP OF THE 11TH |
|
Toledo Mud Hens batting - Pitching for Tacoma Rainiers : LHP Steve Cruz
|
|
Batting: RHB Dave Calder
|
0-0: Ball 1-0: Foul Ball, location: 2F 1-1: Ball 2-1: Ball 3-1: Ground out 6-3 (Groundball, 6, EV 102.5 MPH)
|
|
Batting: RHB Andres de Leon
|
0-0: Called Strike 0-1: Ball 1-1: Ball 2-1: Swinging Strike 2-2: Ground out 5-3 (Groundball, 5S, EV 71.9 MPH)
|
|
Batting: RHB Zach Koblinski
|
0-0: Ball 1-0: Swinging Strike 1-1: Ball 2-1: Ball 3-1: Base on Balls
|
|
Batting: SHB Jared Boyce
|
0-0: Ball 1-0: Swinging Strike 1-1: Called Strike 1-2: Ball 2-2: Ball 3-2: Strikes out swinging
|
| Top of the 11th over - 0 runs, 0 hits, 0 errors, 1 left on base; Toledo 3 - Tacoma 3 |
| BOTTOM OF THE 11TH |
|
Tacoma Rainiers batting - Pitching for Toledo Mud Hens : RHP Mario Napoles
|
|
Batting: RHB David Aguilar
|
0-0: Called Strike 0-1: Ball 1-1: Ball 2-1: Foul Ball, location: 2F 2-2: Ball 3-2: Foul Ball, location: 2F 3-2: Foul Ball, location: 2F 3-2: DOUBLE (Flyball, 89D, EV 91.9 MPH)
|
|
Pitching: RHP Will Lane
|
|
|
Batting: RHB Jim Begger
|
0-0: Foul Ball, location: 2F 0-1: Foul Ball, location: 2F 0-2: Foul Ball, location: 2F 0-2: Ball 1-2: Ball 2-2: Ball 3-2: SINGLE (Groundball, 6M, EV 85.6 MPH) (infield hit) David Aguilar to third
|
|
Batting: RHB Sumiki Ryu
|
0-0: Called Strike 0-1: Swinging Strike 0-2: Fly out, F8 (Flyball, 8LS, EV 82.5 MPH)
|
|
Batting: SHB Ismael Bello
|
0-0: Ball 1-0: Called Strike 1-1: Swinging Strike 1-2: Ball 2-2: Hit by Pitch Jim Begger to second
|
|
Batting: RHB Tatsunori Hayakawa
|
0-0: Ball 1-0: Called Strike 1-1: Ball 2-1: Swinging Strike 2-2: Strikes out swinging
|
|
Batting: RHB Kumar Madugula
|
0-0: Ball 1-0: SINGLE (Line Drive, 56D, EV 95.6 MPH) David Aguilar scores
|
| Bottom of the 11th over - 1 run, 3 hits, 0 errors, 0 left on base; Toledo 3 - Tacoma 4 |
| |
|
Game Over ... Tacoma defeats Toledo, 4 to 3
|
|
|